 Dungeon Crawl Stone Soup version 0.24.0-13-gcf9b319 (webtiles) character file.

Game seed: 4471364254380267526, levelgen mode: deterministic

9520 Fang the Fighter (level 11, 0/72 HPs)
             Began as a Gargoyle Berserker on Nov 12, 2019.
             Was a High Priest of Trog.
             Slain by Snorg (2 damage)
             ... on level 10 of the Dungeon on Nov 13, 2019.
             The game lasted 00:11:47 (8338 turns).

Fang the Fighter (Gargoyle Berserker)               Turns: 8338, Time: 00:11:47

Health: 0/72       AC: 24    Str: 23    XL:     11   Next: 47%
Magic:  11/11      EV: 10    Int:  7    God:    Trog [*****.]
Gold:   546        SH:  0    Dex:  9    Spells: 10/10 levels left

rFire    . . .     SeeInvis .   x - +3 war axe (freeze)
rCold    . . .     Gourm    .   (no shield)
rNeg     + . .     Faith    .   b - +2 plate armour
rPois    ∞         Spirit   .   (no helmet)
rElec    +         Reflect  .   (no cloak)
rCorr    .         Harm     .   (no gloves)
MR       +....                  (no boots)
Stlth    ..........             (no amulet)
HPRegen  0.22/turn              o - -2 ring of strength
MPRegen  0.12/turn              q - ring of protection from magic

@: no status effects
A: negative energy resistance 1, electricity resistance, unbreathing,
petrification resistance, rot immunity, AC +8
a: Berserk, Trog's Hand, Brothers in Arms, Renounce Religion


You were on level 10 of the Dungeon.
You worshipped Trog.
Trog was extremely pleased with you.
You were not hungry.

You visited 2 branches of the dungeon, and saw 11 of its levels.

You collected 546 gold pieces.

Inventory:

Hand Weapons
 a - a +0 war axe
 x - a +3 war axe of freezing (weapon)
Armour
 b - a +2 plate armour (worn)
Jewellery
 o - a -2 ring of strength (left hand)
 q - a ring of protection from magic (right hand)
 v - an uncursed ring of positive energy
Wands
 n - a wand of polymorph (6)
 u - a wand of iceblast (12)
 w - a wand of flame (46)
 y - a wand of disintegration (26)
 z - a wand of clouds (5)
Scrolls
 d - a scroll of fear
 f - 2 scrolls of enchant weapon
 g - 5 scrolls of teleportation
 i - 3 scrolls of magic mapping
 k - 2 scrolls of identify {unknown}
 s - 4 scrolls of remove curse
 t - 2 scrolls of blinking
Potions
 e - a potion of invisibility {unknown}
 h - 2 potions of curing {unknown}
 j - 2 potions of resistance {unknown}
 l - a potion of flight {unknown}
 p - 2 potions of heal wounds {unknown}
 r - 2 potions of degeneration {unknown}
 A - 3 potions of might {unknown}
 B - a potion of brilliance {unknown}
 C - a potion of lignification {unknown}
Comestibles
 c - 32 rations
 m - 8 chunks of flesh


   Skills:
 + Level 10.2 Fighting
 + Level 8.6 Axes
 + Level 9.9 Armour
 + Level 7.6 Dodging


You had 10 spell levels left.
You didn't know any spells.
Your spell library was empty.

Dungeon Overview and Level Annotations

Branches:
Dungeon (10/15)            Temple (1/1) D:7            Lair (0/6) D:8
    Orc (0/2) D:9

Altars:
Ashenzari
Cheibriados
Kikubaaqudgha
Nemelex Xobeh
Okawaru
Qazlal
Vehumet
Wu Jian
Xom
Yredelemnul

Shops:
D:8 [

Annotations:
D:10 Snorg


Innate Abilities, Weirdness & Mutations

You are resistant to torment.
Your stone body is resilient. (AC +8)
You are immune to poison.
You resist negative energy. (rN+)
You are resistant to electric shocks. (rElec)
You can survive without breathing.
You are immune to petrification.
You are immune to rotting.


Message History

You are too injured to fight recklessly!
You are too injured to fight recklessly!
You are too injured to fight recklessly!
You are too injured to fight recklessly!
You are too injured to fight recklessly!
You are too injured to fight recklessly!
You are too injured to fight recklessly!
You are too injured to fight recklessly!
Your troll goes berserk!
You feel quite a bit more hungry. The necrophage closely misses you.
The adder bites you but does no damage.
An adder comes into view.
Snorg bites you!
* * * LOW HITPOINT WARNING * * *
Snorg claws you.
* * * LOW HITPOINT WARNING * * *
Snorg claws you.
* * * LOW HITPOINT WARNING * * *
The adder barely misses you. Snorg bites you.
You die...

..........### ## .###.
..........####### .....
######).........
.....########÷..........
8............#########
SS#........# #
#Z)T......#########
#nTS....#.........#
#.@.....#########.
##.....## #.......#
#.......# #.......#
##.....## ##...## #####


You could see Snorg (berserk), a necrophage, 2 adders, a worker ant zombie and a
friendly troll (berserk).

Vanquished Creatures
  A two-headed ogre (D:8)
  2 hippogriffs
  Sigmund (D:4)
  A wyvern (D:8)
  8 yaks
  3 basilisks (D:8)
  Menkaure (D:5)
  A soldier ant (D:10)
  Duvessa (D:7)
  A water moccasin (D:6)
  4 porcupines (D:8)
  2 black bears
  6 orc warriors
  4 ice beasts
  A sky beast (D:9)
  6 ogres
  A necrophage (D:10)
  4 centaurs
  2 phantoms
  A crocodile (D:8)
  2 big kobolds
  6 bullfrogs
  Dowan (D:7)
  A water moccasin zombie (D:6)
  3 scorpions
  12 killer bees
  14 wights
  2 electric eels (D:6)
  A howler monkey (D:9)
  A crimson imp (D:5)
  A bullfrog zombie (D:10)
  2 centaur zombies
  2 quasits
  A centaur skeleton (D:6)
  4 jellies
  3 orc priests
  2 hounds
  A bullfrog skeleton (D:10)
  12 orc wizards
  4 iguanas
  6 worker ants
  A killer bee zombie (D:8)
  3 hound skeletons
  2 mummies (D:10)
  3 worker ant zombies
  Robin (D:4)
  11 adders
  A shadow imp (D:5)
  An adder zombie (D:7)
  A worm (D:4)
  4 dart slugs
  2 leopard geckos
  41 orcs
  6 giant cockroaches
  14 goblins
  9 hobgoblins
  14 jackals
  4 quokkas
  6 bats
  4 frilled lizards
  A jackal skeleton (D:7)
  A jackal zombie (D:6)
  4 kobolds
  A leopard gecko zombie (D:8)
  2 quokka skeletons
  4 rats
  A plant (D:8)
274 creatures vanquished.

Vanquished Creatures (others)
  An orc (D:6)
  A bush (D:8)
  6 fungi (D:8)
  17 plants (D:8)
25 creatures vanquished.

Grand Total: 299 creatures vanquished

Notes
Turn   | Place    | Note
-------+----------+-------------------------------------------
     0 | D:1      | Fang the Gargoyle Berserker began the quest for the Orb.
     0 | D:1      | Reached XP level 1. HP: 14/14 MP: 1/1
   104 | D:1      | Reached XP level 2. HP: 17/19 MP: 2/2
   723 | D:1      | Reached XP level 3. HP: 21/23 MP: 3/3
  1029 | D:2      | Reached ** piety under Trog
  1897 | D:3      | Reached XP level 4. HP: 29/29 MP: 4/4
  1959 | D:3      | Reached skill level 4 in Fighting
  2369 | D:3      | Reached XP level 5. HP: 33/33 MP: 5/5
  2515 | D:4      | Noticed Robin
  2527 | D:4      | Killed Robin
  2652 | D:4      | Found a shattered altar of Ashenzari.
  2712 | D:4      | Found an ancient bone altar of Kikubaaqudgha.
  2739 | D:4      | Reached *** piety under Trog
  2901 | D:4      | Reached XP level 6. HP: 38/39 MP: 6/6
  3075 | D:4      | Noticed Sigmund
  3085 | D:4      | Killed Sigmund
  3085 | D:4      | Reached skill level 5 in Fighting
  3085 | D:4      | Reached XP level 7. HP: 32/44 MP: 7/7
  3555 | D:5      | Entered Level 5 of the Dungeon
  3573 | D:5      | Noticed Menkaure
  3579 | D:5      | Killed Menkaure
  3663 | D:5      | Reached skill level 5 in Armour
  3977 | D:5      | Reached XP level 8. HP: 51/51 MP: 8/8
  4042 | D:5      | Found a sparkling altar of Nemelex Xobeh.
  4053 | D:5      | Reached skill level 6 in Fighting
  4093 | D:5      | Found a snail-covered altar of Cheibriados.
  4155 | D:5      | Reached skill level 5 in Axes
  4726 | D:6      | Reached **** piety under Trog
  4917 | D:6      | Found a radiant altar of Vehumet.
  4940 | D:6      | Found an iron altar of Okawaru.
  4980 | D:6      | Found an ornate altar of the Wu Jian Council.
  5034 | D:6      | Reached XP level 9. HP: 54/56 MP: 9/9
  5059 | D:6      | Reached skill level 7 in Fighting
  5161 | D:6      | Found a stormy altar of Qazlal.
  5203 | D:6      | Reached skill level 5 in Dodging
  5294 | D:6      | Found a shimmering altar of Xom.
  5575 | D:7      | Found a radiant altar of Vehumet.
  5627 | D:7      | Found a staircase to the Ecumenical Temple.
  5659 | Temple   | Entered the Ecumenical Temple
  5828 | D:7      | Noticed Duvessa
  5828 | D:7      | Noticed Dowan
  5834 | D:7      | Killed Duvessa
  5841 | D:7      | Killed Dowan
  6170 | D:8      | Reached skill level 8 in Fighting
  6301 | D:8      | Found Sipetwu's Antique Armour Shop.
  6349 | D:8      | Reached ***** piety under Trog
  6379 | D:8      | Reached XP level 10. HP: 41/64 MP: 10/10
  6689 | D:8      | Noticed a two-headed ogre
  6690 | D:8      | Found a staircase to the Lair.
  6695 | D:8      | Killed a two-headed ogre
  6707 | D:8      | Reached skill level 9 in Fighting
  7088 | D:9      | Reached XP level 11. HP: 56/71 MP: 11/11
  7402 | D:9      | Found a basalt altar of Yredelemnul.
  7450 | D:9      | Received a gift from Trog
  7475 | D:9      | Found a sparkling altar of Nemelex Xobeh.
  7532 | D:9      | Found a staircase to the Orcish Mines.
  7905 | D:10     | Entered Level 10 of the Dungeon
  7925 | D:10     | Reached skill level 10 in Fighting
  8330 | D:10     | Noticed Snorg
  8337 | D:10     | HP: 2/72 [Snorg (3)]
  8338 | D:10     | Slain by Snorg

Levels and vault maps discovered:
D:1:      dpeg_arrival_rooms_b, layout_basic
D:2:      layout_basic, first_ration, grunt_ministairs_3, glass_columns_b,
          minivault_4
D:3:      layout_rooms
D:4:      layout_basic, evilmike_ruin_ashenzari, overflow_temple_1_default,
          uniq_robin, uniq_sigmund
D:5:      layout_loops_cross, kennysheep_slug_shrine, kennysheep_mini_moat,
          uniq_menkaure
D:6:      layout_rooms, nicolae_overflow_crystal_walls,
          nicolae_qazlal_eye_of_the_storm, lemuel_round_altar,
          okawaru_gym_becter, vehumet_altar_wand_db, chequers_big_river,
          kennysheep_generic_room_15
D:7:      layout_cave_pools, minmay_temple_entry_stoned_glass, basic_altar,
          hangedman_decor_points, uniq_duvessa
D:8:      layout_rooms, minmay_lair_entry_grove, serial_shops, shop,
          blue_anna_alchemist [blue_anna_fruit_fields, blue_anna_fruit_fields]
D:9:      layout_roguey, old_standard_altar, orc_0_dummy,
          nemelex_xobeh_ov_fountains_minmay
D:10:     layout_rooms, serial_undead, serial_undead_c, serial_undead_d,
          serial_undead_b, serial_undead_d, uniq_erolcha, uniq_snorg
Temple:   minmay_temple_bridge_abc

Skill      XL: |  1  2  3  4  5  6  7  8  9 10 11 |
---------------+----------------------------------+-----
Axes           | 3 4 5 6 8 |  8.6
Dodging        | 2 3 4 5 7 |  7.6
Armour         | 3 4 5 6 7 9 |  9.9
Fighting       | 4 5 6 8 9 10 | 10.2

Action                   |  1- 3 |  4- 6 |  7- 9 | 10-12 || total
-------------------------+-------+-------+-------+-------++-------
Melee: Hand axe          |   130 |    80 |       |       ||   210
       War axe           |       |    95 |   327 |   346 ||   768
Invok: Berserk           |       |     2 |     7 |     4 ||    13
       Trog's Hand       |       |       |       |     1 ||     1
       Brothers in Arms  |       |       |       |     1 ||     1
  Use: Scroll            |       |       |    11 |       ||    11
  Eat: Chunk             |     3 |     6 |    17 |    12 ||    38
Armor: Animal skin       |    30 |       |       |       ||    30
       Plate armour      |    50 |   153 |   299 |   311 ||   813
Dodge: Dodged            |    86 |    72 |   178 |   177 ||   513
